 Dungeon Crawl Stone Soup version 0.32-a0-913-g739538afd8 (webtiles) character file.

Game seed: 1468500702490530149

335696 ragingrage the Scorcher (level 20, 0/168 HPs)
             Began as an Armataur Cinder Acolyte on Apr 7, 2024.
             Was a High Priest of Ignis.
             Killed from afar by ragingrage's illusion (illusionary) (15 damage)
             ... woven by Mara
             ... on level 3 of the Vaults.
             The game lasted 01:26:50 (61839 turns).

ragingrage the Scorcher (Armataur Cinder Acolyte)  Turns: 61839, Time: 01:26:51

Health: 0/168      AC: 40    Str: 28    XL:     20   Next: 97%
Magic:  7/36       EV:  0    Int: 25    God:    Ignis [*****.]
Gold:   86         SH: 29    Dex:  6    Spells: 11/43 levels left

rFire   + . .        a - staff of air
rCold   . . .        q - +18 shield of the Gong {Loud rN+ Will+ rCorr EV-5}
rNeg    + + .        j - +1 troll leather armour {Snorg}
rPois   +            i - +2 helmet
rElec   +            B - +2 cloak {Stlth+}
rCorr   +            m - +1 pair of gloves of the Furrier {*Corrode rPois Will+ Int+2}
SInv    .            T - +10 Black Knight's barding {ponderous, rPois rN+}
Will    +++..        P - amulet of magic regeneration
Stlth   +++          V - +4 ring of protection
HPRegen 1.28/turn    E - ring "Cimauj" {AC+4 Str+3 Int+3}
MPRegen 0.65/turn

%: corrode self (3%), roll
@: about to teleport, frozen, studying Shields, very slow
A: large, deformed body, tough skin 3, armoured tail, rollpage 2, strong 1
}: 2/15 runes: serpentine, barnacled
a: Renounce Religion, Fiery Armour, Foxfire Swarm, Rising Flame


You were on level 3 of the Vaults.
You worshipped Ignis.
Ignis was extremely pleased with you.
You visited 8 branches of the dungeon, and saw 37 of its levels.
You also visited: Bailey and Gauntlet.

You collected 3353 gold pieces.
You spent 3267 gold pieces at shops.

Inventory:

Hand Weapons
 b - a +3 spectral morningstar
Missiles
 t - 4 throwing nets
 X - 8 curare-tipped darts
Armour
 i - a +2 helmet (worn)
 j - a +1 troll leather armour (worn) {Snorg}
 m - the +1 pair of gloves of the Furrier (worn) {*Corrode rPois Will+ Int+2}
   (You bought it in a shop on level 1 of the Vaults)

   Int+2:     It affects your intelligence (+2).
   rPois:     It protects you from poison.
   Will+:     It increases your willpower.
   *Corrode:  It may corrode you when you take damage.
 q - the +18 shield of the Gong (worn) {Loud rN+ Will+ rCorr EV-5}
   (You found it on level 2 of the Vaults)

   Loud:      It is deafeningly noisy when blocking attacks.
   EV-5:      It affects your evasion (-5).
   rN+:       It protects you from negative energy.
   Will+:     It increases your willpower.
   rCorr:     It protects you from acid and corrosion.
 B - a +2 cloak of stealth (worn)
 F - a +3 ring mail of cold resistance
 T - the +10 Black Knight's barding (worn) {ponderous, rPois rN+}
   (You acquired it in a bailey)

   rPois:     It protects you from poison.
   rN+:       It protects you from negative energy.
Magical Staves
 a - a staff of air (weapon)
Jewellery
 E - the ring "Cimauj" (right hand) {AC+4 Str+3 Int+3}
   (You took it off a deep elf archer on level 1 of the Elven Halls)

   [ring of protection]

   AC+4:      It affects your AC (+4).
   Str+3:     It affects your strength (+3).
   Int+3:     It affects your intelligence (+3).
 P - an amulet of magic regeneration (around neck)
 V - a +4 ring of protection (left hand)
 Y - a ring of see invisible
Wands
 o - a wand of light (26)
 v - a wand of polymorph (12)
 w - a wand of digging (11)
 G - a wand of mindburst (55)
 L - a wand of charming (40)
 W - a wand of iceblast (24)
Scrolls
 f - 5 scrolls of fog
 k - 10 scrolls of teleportation
 p - 3 scrolls of poison
 y - a scroll of enchant armour
 z - 7 scrolls of blinking
 A - a scroll of amnesia
 C - 2 scrolls of silence
 I - a scroll of immolation
 K - a scroll of vulnerability
 M - a scroll of butterflies
 Q - 7 scrolls of fear
 R - 6 scrolls of revelation
Potions
 d - 10 potions of might
 e - 4 potions of attraction
 g - 4 potions of mutation
 h - 8 potions of brilliance
 l - 19 potions of curing
 n - 4 potions of enlightenment
 r - 3 potions of ambrosia
 s - 2 potions of resistance
 u - 6 potions of heal wounds
 D - 5 potions of lignification
 H - 2 potions of magic
 J - 6 potions of haste
 O - 6 potions of cancellation
 S - a potion of invisibility
 U - a potion of berserk rage
Miscellaneous
 c - a lightning rod (4/4)
 x - a box of beasts (inert)
 N - a phial of floods (inert)
 Z - a condenser vane


   Skills:
 - Level 12.0 Fighting
 - Level 4.0 Short Blades
 - Level 3.2(4.8) Maces & Flails
 - Level 5.5(6.0) Staves
 - Level 11.0 Armour
 - Level 3.0 Stealth
 + Level 13.5 Shields
 - Level 12.0 Spellcasting
 - Level 10.0 Conjurations
 - Level 3.0 Translocations
 + Level 20.0 Fire Magic
 - Level 4.0 Ice Magic
 - Level 14.5 Air Magic
 - Level 7.0 Alchemy
 - Level 5.0 Evocations


You had 11 spell levels left.
You knew the following spells:

 Your Spells              Type           Power      Damage    Failure   Level
a - Blink                 Tloc           60%        N/A       2%          2
b - Plasma Beam           Fire/Air       50%        2x1d65    1%          6
c - Starburst             Conj/Fire      37%        6d11      1%          6
d - Freezing Cloud        Conj/Ice/Air   38%        6-21      3%          5
e - Irradiate             Conj/Alch      27%        3d20      5%          5
f - Ignition              Fire           43%        3d12      12%         8

Your spell library contained the following spells:

 Spells                   Type           Power      Damage    Failure   Level
 Foxfire                  Conj/Fire      100%       2x1d9     0%          1
 Scorch                   Fire           100%       2d9       0%          2
 Kiss of Death            Conj/Necr      100%       2d13      1%          1
 Magic Dart               Conj           100%       1d8       1%          1
 Shock                    Conj/Air       100%       1d9       1%          1
 Cigotuvi's Dreadful Rot  Necr/Alch/Air  100%       N/A       1%          2
 Static Discharge         Conj/Air       100%       3-8/arc   1%          2
 Inner Flame              Hex/Fire       60%        N/A       1%          3
 Mephitic Cloud           Conj/Alch/Air  79%        N/A       1%          3
 Swiftness                Air            93%        N/A       1%          3
 Volatile Blastmotes      Fire/Tloc      100%       2d18      1%          3
 Airstrike                Air            46%        2d(7-23)  1%          4
 Flame Wave               Conj/Fire      74%        2d16      1%          4
 Ignite Poison            Fire/Alch      70%        N/A       1%          4
 Vhi's Electric Charge    Tloc/Air       100%       N/A       1%          4
 Dazzling Flash           Conj/Hex       80%        N/A       2%          3
 Stone Arrow              Conj/Erth      80%        3d12      2%          3
 Summon Lightning Spire   Summ/Air       67%        N/A       3%          4
 Iskenderun's Mystic Bla  Conj/Tloc      47%        2d10      (+2d54%     4
 Sandblast                Erth           30%        2d9       6%          1
 Slow                     Hex            60%        N/A       6%          1
 Brom's Barrelling Bould  Conj/Erth      40%        2d6       9%          4
 Silence                  Hex/Air        33%        N/A       9%          5
 Call Imp                 Summ           30%        N/A       10%         2
 Sublimation of Blood     Necr           15%        N/A       10%         2
 Alistair's Intoxication  Alch           33%        N/A       10%         5
 Leda's Liquefaction      Alch/Erth      16%        N/A       16%         4
 Petrify                  Alch/Erth      32%        N/A       16%         4
 Call Canine Familiar     Summ           15%        N/A       19%         3
 Confusing Touch          Hex            15%        N/A       19%         3
 Passwall                 Erth           15%        N/A       19%         3
 Sigil of Binding         Hex            15%        N/A       19%         3
 Tukima's Dance           Hex            15%        N/A       19%         3
 Vampiric Draining        Necr           15%        2d7       19%         3
 Dimensional Bullseye     Hex/Tloc       11%        N/A       34%         4
 Eringya's Noxious Bog    Alch           25%        4d6       50%         6
 Animate Armour           Summ/Erth      30%        N/A       54%         4
 Animate Dead             Necr           15%        N/A       54%         4
 Dispel Undead            Necr           15%        3d10      54%         4
 Martyr's Knell           Necr/Summ      15%        N/A       54%         4
 Metabolic Englaciation   Hex/Ice        12%        N/A       61%         5
 Bombard                  Conj/Erth      20%        9d4       77%         6
 Borgnjor's Vile Clutch   Necr/Erth      7%         N/A       87%         5
 Curse of Agony           Necr           15%        N/A       87%         5
 Lee's Rapid Deconstruct  Erth           7%         3d7*      87%         5
 Summon Cactus Giant      Summ           7%         N/A       100%        6
 Haunt                    Necr/Summ      7%         N/A       100%        7
 Borgnjor's Revivificati  Necr           7%         N/A       100%        8
 Infestation              Necr           7%         N/A       100%        8
 Death's Door             Necr           7%         N/A       100%        9


Dungeon Overview and Level Annotations

Branches:
Dungeon (15/15)            Temple (1/1) D:6            Lair (5/5) D:8
 Shoals (4/4) Lair:2        Snake (4/4) Lair:3        Slime (0/5) Lair:5
    Orc (2/2) D:12            Elf (3/3) Orc:2        Vaults (3/5) D:14
  Crypt (0/3) Vaults:2     Depths (0/4) D:15         Bailey (visited)
Gauntlet (visited)

Altars:
Ashenzari
Cheibriados
Dithmenos
Elyvilon
Fedhas
Gozag
Hepliaklqana
Kikubaaqudgha
Makhleb
Nemelex Xobeh
Okawaru
Qazlal
Ru
Sif Muna
Trog
Uskayaw
Vehumet
Wu Jian
Xom
Yredelemnul
Zin
The Shining One
Lugonu

Shops:
D:3 !   D:4 *   Orc:1 ([[?   Orc:2 [:(*   Elf:1 ([(=[   Elf:2 :   Shoals:1 (
Shoals:4 [   Snake:4 *   Vaults:1 [[**   Vaults:2 :

Annotations:
D:11 2 transporters, runemasterragnar's ghost, journeyman CoHu
Lair:4 3 runed translucent doors, Hoaki's ghost, journeyman HONe
Shoals:2 3 runed translucent doors, exclusion: obsidian statue, Bunar's ghost, journeyman FeSh
Elf:1 exclusion: 2 orange crystal statues
Elf:2 3 runed translucent doors
Vaults:3 Boris; Mara


Innate Abilities, Weirdness & Mutations

Armour fits poorly on your strangely shaped body.
You have extremely tough skin. (AC +3)
You have a long armoured tail.
You regenerate magic and health when rolling toward enemies. (Rampage Regen)
Your muscles are strong. (Str +4, Int/Dex -1)


Message History

The bolt of cold hits you!!
The vault warden activates a sealing rune.
The doors slam shut!
As you read the scroll of teleportation, it crumbles to dust.
You feel strangely unstable. Mara gestures at you.
There is a horrible, sudden wrenching feeling in your soul!
Boris pitches forth his victims' sorrows.
The howling sorrow hits you. You partially resist.
The ironbound frostheart calls freezing cold from the walls.
The frost grips you!!
* * * LOW HITPOINT WARNING * * *
You are encased in ice.
The frost grips your juvenile oxweird beast!!
Your juvenile oxweird beast resists.
Unknown command.
Unknown command.
You feel better.
You are engulfed in excruciating misery.
An ironbound convoker comes into view. It is wielding a +0 great mace.
Mara blinks!
Boris launches a ball of destructive magic.
The ironbound frostheart calls freezing cold from the walls.
The frost grips you!!!
* * * LOW HITPOINT WARNING * * *
The frost grips your juvenile oxweird beast!!
Your juvenile oxweird beast resists.
Your juvenile oxweird beast hits the ironbound frostheart but does no damage.
Your juvenile oxweird beast tramples the ironbound frostheart.
The ironbound frostheart holds its ground!
Your juvenile oxweird beast grabs the ironbound frostheart.
Your juvenile oxweird beast constricts the ironbound frostheart!
The ironbound frostheart dies!
Ragingrage's illusion mumbles some strange words.
The bolt of lightning hits your juvenile oxweird beast!!!
Your juvenile oxweird beast dies!
Your juvenile oxweird beast's corpse disappears in a puff of smoke!
The bolt of lightning hits you! You resist.
You die...
Ignis goes out, and joins you in death.

#......#............
#......#............
#......#............
#......#............
#......'............
#......#....[.......
########............
##+###########
#○@☼...# ....
#○°*..##.....
#..§L##......
#..[#+c......
#..#@######## #.##p#
###p.# ..p# ....'


You could see Boris, an ironbound preserver and ragingrage's illusion.

Vanquished Creatures
  Bai Suzhen (Snake:2)
  Nikola (Elf:1)
  Mlioglotl (Shoals:4)
  Zenata (Vaults:2)
  Rupert (Orc:1)
  Asterion (Elf:3)
  A lich (Vaults:2)
  3 deep elf master archers (Elf:3)
  A deep elf blademaster (Elf:3)
  A quicksilver dragon (Snake:4)
  2 sphinxes (Vaults:1)
  2 krakens
  Frances (Shoals:1)
  Kirke (D:12)
  6 nagarajas (Snake:4)
  4 deep elf sorcerers (Elf:3)
  4 deep elf elementalists (Elf:3)
  A frost giant (D:15)
  3 orc warlords
  Louise (Shoals:1)
  8 ironbound preservers
  3 vault wardens
  8 deep elf death magi
  2 deep elf demonologists (Elf:3)
  3 ironbound thunderhulks
  Nessos (D:14)
  Azrael (D:13)
  A minotaur (Gauntlet)
  6 deep elf annihilators (Elf:3)
  8 merfolk javelineers
  8 merfolk impalers
  2 green deaths (Snake:3)
  Snorg (D:13)
  5 yaktaur captains
  2 deep elf high priests
  5 salamander tyrants
  2 hydras
  2 great orbs of eyes
  11 vault guards
  6 anacondas
  A catoblepas (Lair:3)
  2 centaur warriors
  4 ironbound frosthearts
  An ogre mage (D:15)
  5 merfolk aquamancers
  15 dancing weapons
  3 merfolk avatars
  A death knight (D:15)
  3 alligator snapping turtles
  4 boulder beetles
  4 satyrs
  A deep troll earth mage (D:15)
  A hell hog (Gauntlet)
  A tengu warrior (Gauntlet)
  11 death yaks
  9 two-headed ogres
  20 naga sharpshooters
  9 shock serpents
  3 orc high priests (Orc:2)
  8 naga warriors
  14 deep elf knights
  8 skysharks
  Amaemon (D:7)
  Lodul (D:13)
  12 mana vipers
  13 deep elf archers
  3 salamander mystics
  15 deep trolls
  24 sea snakes
  A spriggan simulacrum (Shoals:1)
  6 arcanists
  11 lindwurms
  18 naga ritualists
  16 ironbound convokers
  23 deep elf pyromancers
  2 thermic dynamos (Elf:2)
  10 orc knights
  25 deep elf zephyrmancers
  A steelbarb worm (shapeshifter) (Elf:1)
  35 harpies
  19 ugly things
  17 salamanders
  An orc sorcerer (Orc:1)
  11 fauns (Shoals:2)
  4 cyclopes
  A shining eye (Gauntlet)
  2 guardian serpents (Snake:4)
  18 manticores
  5 merfolk sirens (Shoals:4)
  6 water nymphs
  5 kobold blastminers
  An ice statue (Gauntlet)
  6 meliai (D:13)
  13 naga magi
  Joseph (D:8)
  54 black mambas
  A gargoyle (D:12)
  11 vault sentinels
  12 elephants
  Maggie (D:9)
  11 cane toads
  A molten gargoyle (Lair:3)
  An unseen horror (D:11)
  An orange demon (D:8)
  4 kobold demonologists
  8 komodo dragons
  3 rime drakes
  A tengu conjurer (Gauntlet)
  20 yaktaurs
  11 trolls
  An alligator simulacrum (Shoals:1)
  40 merfolk
  5 polar bears
  A raiju (shapeshifter) (D:14)
  A glass eye (Gauntlet)
  9 wind drakes
  4 hornets
  7 blink frogs
  7 snapping turtles
  11 dream sheep
  3 air elementals (Elf:1)
  35 slime creatures
  A shadow (D:10)
  7 water elementals
  2 dire elephant simulacra (Shoals:1)
  A human (D:12)
  7 wraiths
  A vampire (D:12)
  7 fire elementals
  3 hogs
  2 fire bats (Gauntlet)
  5 wyverns
  Eustachio (D:3)
  A golden eye (Gauntlet)
  8 basilisks
  6 wargs
  53 yaks
  3 steam dragons
  2 minotaur simulacra (Shoals:1)
  A vampire mosquito (D:15)
  Edmund (D:6)
  32 nagas
  An acid dragon (D:13)
  13 water moccasins
  5 hell hounds
  40 orc warriors
  4 black bears
  5 sky beasts
  3 ice beasts (D:6)
  2 laughing skulls (D:15)
  13 ogres
  A boggart (Vaults:3)
  13 wolves
  5 centaurs
  7 kobold brigands
  15 bullfrogs
  3 earth elementals
  4 gnoll sergeants
  2 deep troll simulacra (Shoals:1)
  2 scorpions
  4 wights (D:7)
  13 killer bees
  3 howler monkeys
  An electric eel (Elf:1)
  4 lava snakes (Lair:3)
  9 orc priests
  2 bombardier beetles
  3 hounds
  6 jellies
  A sleepcap (D:6)
  8 iguanas
  Terence (D:3)
  17 orc wizards
  Robin (D:3)
  18 gnolls
  8 adders
  A shadow imp (Gauntlet)
  3 white imps
  A dart slug (D:4)
  2 ribbon worms
  66 orcs
  6 bats
  7 endoplasms
  6 giant cockroaches
  30 goblins
  13 hobgoblins
  6 jackals
  36 kobolds
  4 quokkas
  7 ball pythons
  A frilled lizard (D:1)
  3 rats
  2 tentacles
1416 creatures vanquished.

Vanquished Creatures (collateral kills)
  An ironbound frostheart (Vaults:3)
  2 orc warriors
  An ogre (Orc:2)
  3 orcs (Bailey)
  A hobgoblin (Bailey)
8 creatures vanquished.

Vanquished Creatures (others)
  An ironbound preserver (Vaults:2)
  Sonja (Orc:2)
  A sea snake (Shoals:1)
  An orc knight (Bailey)
  An unseen horror (shapeshifter) (Elf:1)
  An orc warrior (Bailey)
  11 foxfires (D:7)
  18 tentacles
35 creatures vanquished.

Grand Total: 1459 creatures vanquished

Notes
Turn   | Place    | Note
-------+----------+-------------------------------------------
     0 | D:1      | ragingrage the Armataur Cinder Acolyte began the quest for
                  | the Orb.
     0 | D:1      | Reached XP level 1. HP: 18/18 MP: 2/2
   178 | D:1      | Reached skill level 1 in Stealth
   219 | D:1      | Reached XP level 2. HP: 20/25 MP: 3/3
   405 | D:1      | Learned a level 2 spell: Scorch
   820 | D:1      | Reached XP level 3. HP: 28/30 MP: 4/4
  1024 | D:2      | Reached skill level 3 in Fire Magic
  1052 | D:2      | Reached skill level 1 in Short Blades
  1112 | D:2      | Found a faded altar of an unknown god.
  1258 | D:2      | Reached XP level 4. HP: 35/37 MP: 2/5
  1694 | D:3      | Noticed Robin
  1772 | D:3      | Killed Robin
  1778 | D:3      | Reached skill level 1 in Shields
  1827 | D:3      | Found Toim's Distillery.
  1834 | D:3      | Bought a potion of heal wounds for 55 gold pieces
  1834 | D:3      | Bought a potion of might for 44 gold pieces
  2273 | D:3      | Noticed Terence
  2287 | D:3      | Killed Terence
  2288 | D:3      | Reached XP level 5. HP: 32/44 MP: 3/6
  2356 | D:3      | Noticed an orc warrior
  2371 | D:4      | Noticed Eustachio
  2379 | D:4      | Noticed a sky beast
  2415 | D:3      | Killed Eustachio
  2416 | D:3      | Reached skill level 4 in Fire Magic
  2416 | D:3      | Reached XP level 6. HP: 42/52 MP: 0/7
  2515 | D:3      | Killed an orc warrior
  2770 | D:3      | Killed a sky beast
  2771 | D:3      | Reached skill level 5 in Fire Magic
  2771 | D:3      | Gained mutation: You regenerate magic and health when
                  | rolling toward enemies. (Rampage Regen) [Armataur growth]
  2771 | D:3      | Reached XP level 7. HP: 37/59 MP: 1/8
  3056 | D:4      | Found Dygawn's General Store.
  3121 | D:4      | Found a broken altar of Ashenzari.
  3401 | D:4      | Reached skill level 1 in Evocations
  3480 | D:4      | Learned a level 6 spell: Plasma Beam
  3619 | D:5      | Entered Level 5 of the Dungeon
  3649 | D:5      | Reached skill level 5 in Fighting
  3649 | D:5      | Reached XP level 8. HP: 30/68 MP: 0/9
  4215 | D:5      | HP: 3/70 [gnoll sergeant/+3 trident of freezing (7)]
  4217 | D:5      | Reached skill level 6 in Fire Magic
  4393 | D:3      | Bought a potion of heal wounds for 55 gold pieces
  4393 | D:3      | Bought a potion of heal wounds for 55 gold pieces
  4545 | D:5      | Found a stormy altar of Qazlal.
  4635 | D:6      | Noticed Edmund
  4696 | D:6      | Killed Edmund
  4697 | D:6      | Reached skill level 7 in Fire Magic
  4852 | D:6      | Reached skill level 1 in Armour
  4908 | D:6      | Reached XP level 9. HP: 71/75 MP: 3/10
  4992 | D:6      | Found a bloodstained altar of Trog.
  5119 | D:6      | Found a staircase to the Ecumenical Temple.
  5126 | Temple   | Entered the Ecumenical Temple
  5860 | D:7      | Reached skill level 8 in Fire Magic
  6011 | D:7      | Reached skill level 5 in Armour
  6296 | D:7      | Reached skill level 9 in Fire Magic
  6858 | D:8      | Noticed Joseph
  7042 | D:8      | Reached XP level 10. HP: 70/84 MP: 2/11
  7240 | D:8      | Found a radiant altar of Vehumet.
  7334 | D:8      | Noticed Amaemon
  7367 | D:8      | Noticed an orange demon
  7377 | D:7      | Killed Amaemon
  7561 | D:8      | Killed an orange demon
  7714 | D:8      | Killed Joseph
  7910 | D:8      | Found a staircase to the Lair.
  8132 | D:8      | Reached skill level 10 in Armour
  8161 | D:8      | Identified the +1 leather armour of Digiubau {rElec Will+
                  | rCorr Dex+2}
  8492 | D:9      | Found a hazy altar of Hepliaklqana.
  8558 | D:9      | Noticed a two-headed ogre
  8568 | D:9      | Killed a two-headed ogre
  8571 | D:9      | Found a flagged portal.
  8628 | Bailey   | Entered a bailey
  8687 | Bailey   | Noticed an orc knight
  8715 | Bailey   | Killed an orc knight
  8716 | Bailey   | Reached skill level 10 in Fire Magic
  8827 | Bailey   | Reached XP level 11. HP: 92/92 MP: 7/12
  9119 | Bailey   | Noticed an orc knight
  9132 | Bailey   | Noticed an orc knight
  9162 | Bailey   | Killed an orc knight
  9267 | Bailey   | Noticed an orc warlord
  9306 | Bailey   | Killed an orc warlord
  9307 | Bailey   | Reached skill level 11 in Fire Magic
  9461 | Bailey   | Noticed an orc knight
  9482 | Bailey   | Killed an orc knight
  9663 | Bailey   | Acquired the +10 Black Knight's barding {ponderous, rPois
                  | rN+}
  9663 | Bailey   | Found the +10 Black Knight's barding {ponderous, rPois rN+}
  9860 | D:9      | Noticed Maggie
  9869 | D:9      | Killed Maggie
  9965 | D:9      | Reached skill level 1 in Air Magic
 10128 | D:10     | Entered Level 10 of the Dungeon
 10722 | D:10     | Reached skill level 12 in Fire Magic
 10964 | D:11     | Noticed a two-headed ogre
 10968 | D:11     | Killed a two-headed ogre
 11099 | D:11     | Noticed a two-headed ogre
 11105 | D:11     | Noticed a soul eater
 11108 | D:11     | Noticed a sun demon
 11457 | Lair:1   | Entered Level 1 of the Lair of Beasts
 11687 | Lair:1   | Reached skill level 5 in Air Magic
 11687 | Lair:1   | Reached XP level 12. HP: 96/100 MP: 4/13
 12572 | Lair:1   | Reached skill level 13 in Fire Magic
 14075 | Lair:1   | HP: 5/100 [yak (3)]
 14676 | Lair:3   | Noticed a four-headed hydra
 14684 | Lair:3   | Killed a four-headed hydra
 15340 | Lair:2   | Found a staircase to the Shoals.
 16107 | Lair:2   | Found a staircase to the Shoals.
 16743 | Lair:3   | Noticed a death yak
 16743 | Lair:3   | Noticed a death yak
 16771 | Lair:3   | Noticed a catoblepas
 16794 | Lair:3   | Killed a catoblepas
 16795 | Lair:3   | Reached skill level 5 in Spellcasting
 16795 | Lair:3   | Reached XP level 13. HP: 42/105 MP: 8/20
 18002 | Lair:4   | Found a runed translucent gate.
 18003 | Lair:4   | Found a runed translucent gate.
 18003 | Lair:4   | Found a runed translucent gate.
 18215 | Lair:3   | Reached skill level 10 in Air Magic
 19408 | Lair:4   | Noticed Hoaki's ghost (journeyman HONe)
 19490 | Lair:5   | Entered Level 5 of the Lair of Beasts
 20399 | Lair:5   | Found a staircase to the Slime Pits.
 20767 | Lair:5   | Reached skill level 14 in Fire Magic
 21692 | Lair:5   | Reached XP level 14. HP: 113/113 MP: 14/21
 22941 | D:11     | Found a transporter.
 22947 | D:11     | Noticed runemasterragnar's ghost (journeyman CoHu)
 22966 | D:11     | Found a bloodstained altar of Trog.
 22967 | D:11     | Found a transporter.
 24752 | D:12     | Identified the +2 leather armour "Pili" {rElec rPois}
 24894 | D:12     | Identified the +6 dagger of a volcano {elec, rElec Str+2}
 25394 | D:12     | Found a staircase to the Orcish Mines.
 25757 | D:12     | Found a corrupted altar of Lugonu.
 26250 | D:13     | Noticed Lodul
 26253 | D:13     | Killed Lodul
 27136 | D:13     | Noticed Azrael
 27452 | D:13     | Noticed Snorg
 27460 | D:13     | Killed Snorg
 27930 | D:13     | Killed Azrael
 28264 | Orc:1    | Entered Level 1 of the Orcish Mines
 28401 | Orc:1    | Found Gitorgh Sujox's Antique Armour Boutique.
 28406 | Orc:1    | Found Xetuxol's Antique Armour Shoppe.
 28411 | Orc:1    | Bought a twisted robe for 176 gold pieces
 28411 | Orc:1    | Identified the +0 robe "Sihimewk" {Will+ SInv} (You bought
                  | it in a shop on level 1 of the Orcish Mines)
 28421 | Orc:1    | Bought a pitted ring mail for 288 gold pieces
 28421 | Orc:1    | Identified the +1 ring mail of Compassion {rElec MP+9
                  | Str+5} (You bought it in a shop on level 1 of the Orcish
                  | Mines)
 28438 | Orc:1    | Found Cishaiv Dalu's Antique Weapon Shop.
 28829 | Orc:1    | Found Diutopnu's Magic Scroll Shop.
 28837 | Orc:1    | Bought a scroll of poison for 48 gold pieces
 29039 | Orc:2    | Entered Level 2 of the Orcish Mines
 29039 | Orc:2    | Found a gate leading to a gauntlet.
 29039 | Orc:2    | Found Pacun's Antique Armour Emporium.
 29081 | Orc:2    | Noticed Rupert
 29167 | Orc:1    | Killed Rupert
 29236 | Orc:2    | Noticed Sonja
 29238 | Gauntlet | Entered a Gauntlet
 29238 | Gauntlet | Found a transporter.
 29281 | Gauntlet | Found a transporter.
 29283 | Gauntlet | Found a transporter.
 29284 | Gauntlet | Found a transporter.
 29295 | Gauntlet | Found a transporter.
 29296 | Gauntlet | Found a transporter.
 29297 | Gauntlet | Found a transporter.
 29305 | Gauntlet | Found a transporter.
 29308 | Gauntlet | Found a transporter.
 29309 | Gauntlet | Found a transporter.
 29321 | Gauntlet | Found a transporter.
 29321 | Gauntlet | Found a transporter.
 29322 | Gauntlet | Found a transporter.
 29330 | Gauntlet | Found a transporter.
 29690 | Gauntlet | Reached XP level 15. HP: 96/118 MP: 1/28
 29753 | Gauntlet | Identified the +5 scale mail of Valour {Rampage rF- rN+
                  | Stlth+}
 29800 | Gauntlet | Identified the +1 war axe "Ogre's Death" {antimagic, *Noise
                  | rElec rC+ Str+5}
 29888 | Orc:2    | Your ally Sonja died
 30173 | Orc:1    | Learned a level 6 spell: Starburst
 30319 | Orc:1    | Learned a level 5 spell: Freezing Cloud
 30529 | Orc:2    | Reached skill level 1 in Conjurations
 30638 | Orc:1    | You fall into a shaft and drop 1 floor!
 30676 | Orc:2    | Found Agaf Mif's Book Boutique.
 30695 | Orc:2    | Found Nefil's Antique Weapon Shoppe.
 30696 | Orc:2    | Found a staircase to the Elven Halls.
 30703 | Orc:2    | Reached skill level 1 in Ice Magic
 30946 | Orc:2    | Found Duschujad's General Store.
 31022 | Orc:2    | Bought a potion of curing for 45 gold pieces
 31022 | Orc:2    | Bought a scroll of teleportation for 45 gold pieces
 31181 | Elf:1    | Entered Level 1 of the Elven Halls
 31419 | Elf:1    | Paralysed by an air elemental for 1 turns
 32201 | D:14     | Noticed Kirke
 32372 | D:12     | Killed Kirke
 32624 | D:14     | Reached skill level 10 in Spellcasting
 32666 | D:14     | Noticed Nessos
 32667 | D:14     | Killed Nessos
 33320 | D:14     | Found a gate to the Vaults.
 33451 | D:15     | Entered Level 15 of the Dungeon
 33921 | D:15     | Reached skill level 5 in Conjurations
 33942 | D:15     | Reached XP level 16. HP: 132/132 MP: 7/30
 34560 | D:15     | Found a staircase to the Depths.
 34930 | Shoals:1 | Entered Level 1 of the Shoals
 34957 | Shoals:1 | Noticed Louise
 34960 | Shoals:1 | Noticed a kraken
 35021 | Shoals:1 | Killed Louise
 35021 | Shoals:1 | Noticed Frances
 35072 | Shoals:1 | Killed Frances
 35853 | Shoals:1 | Reached skill level 10 in Fighting
 35881 | Shoals:1 | Killed a kraken
 36427 | Shoals:1 | Found Neunu's Weapon Emporium.
 37796 | Shoals:2 | Noticed Bunar's ghost (journeyman FeSh)
 37797 | Shoals:2 | Found a runed translucent gate.
 37911 | Shoals:2 | Found a runed translucent gate.
 37911 | Shoals:2 | Found a runed translucent gate.
 37913 | Shoals:2 | Found an opulent altar of Gozag.
 37915 | Shoals:2 | Found Cuso Nan's Assorted Antiques.
 38228 | Shoals:3 | Reached skill level 10 in Conjurations
 39233 | Shoals:3 | Identified the +3 dagger "Fuhadin" {antimagic, rPois}
 39355 | Shoals:3 | Reached XP level 17. HP: 141/141 MP: 26/32
 39355 | Shoals:3 | Noticed a kraken
 39608 | Shoals:4 | Entered Level 4 of the Shoals
 39938 | Shoals:4 | Found Yliqus's Armour Shoppe.
 40084 | Shoals:4 | Reached skill level 5 in Shields
 40599 | Shoals:3 | Killed a kraken
 41516 | Orc:2    | Bought a book of Spontaneous Combustion for 608 gold pieces
 41522 | Orc:2    | Learned a level 5 spell: Irradiate
 42079 | Shoals:4 | Noticed Mlioglotl
 42082 | Shoals:4 | Reached skill level 1 in Alchemy
 42383 | Shoals:4 | Got a barnacled rune of Zot
 42574 | Shoals:4 | Killed Mlioglotl
 43414 | Lair:3   | Reached skill level 15 in Fire Magic
 43572 | Lair:3   | Found a staircase to the Snake Pit.
 43581 | Snake:1  | Entered Level 1 of the Snake Pit
 43866 | Snake:1  | Reached skill level 5 in Alchemy
 45497 | Snake:2  | Reached XP level 18. HP: 145/154 MP: 11/34
 47294 | Snake:3  | Noticed Bai Suzhen
 47478 | Snake:2  | Killed Bai Suzhen
 47569 | Snake:3  | Reached skill level 5 in Evocations
 48430 | Snake:3  | Reached skill level 16 in Fire Magic
 48489 | Snake:3  | Learned a level 8 spell: Ignition
 48525 | Snake:3  | Found a runed translucent door.
 49429 | Snake:4  | Entered Level 4 of the Snake Pit
 49796 | Snake:4  | Reached skill level 17 in Fire Magic
 50790 | Snake:4  | Got a serpentine rune of Zot
 51052 | Snake:4  | Reached XP level 19. HP: 160/160 MP: 29/35
 51198 | Snake:4  | Found Foekkiol's Specific Store.
 51200 | Snake:4  | Found Xymaw's General Store.
 51204 | Snake:4  | Bought a potion of brilliance for 72 gold pieces
 51204 | Snake:4  | Bought a potion of curing for 54 gold pieces
 51208 | Snake:4  | Bought a potion of heal wounds for 80 gold pieces
 51612 | Snake:4  | Learned a level 2 spell: Blink
 51652 | Snake:4  | Reached skill level 1 in Translocations
 52299 | Elf:1    | Identified the ring "Cimauj" {AC+4 Str+3 Int+3}
 52309 | Elf:1    | Paralysed by an air elemental for 1 turns
 52317 | Elf:1    | Paralysed by an air elemental for 1 turns
 52320 | Elf:1    | Paralysed by an air elemental for 1 turns
 52566 | Elf:1    | Found Bighank's Weapon Boutique.
 52567 | Elf:1    | Found Obuup's Antique Armour Shop.
 52598 | Elf:1    | Found Xoop's Armour Shop.
 52784 | Elf:1    | You fall into a shaft and drop 1 floor!
 52808 | Elf:2    | Reached skill level 18 in Fire Magic
 52827 | Elf:3    | Entered Level 3 of the Elven Halls
 53061 | Elf:3    | Noticed Asterion
 53155 | Elf:3    | Killed Asterion
 54961 | Elf:1    | Noticed Nikola
 54965 | Elf:1    | Killed Nikola
 55022 | Elf:1    | Reached skill level 10 in Shields
 55035 | Elf:1    | Gained mutation: You are dopey. (Int -2) [mutagenic glow]
 55056 | Elf:1    | Gained mutation: You are very dopey. (Int -4) [mutagenic
                  | glow]
 55149 | Elf:1    | Found Wazaaf's Jewellery Emporium.
 55159 | Elf:1    | Lost mutation: You are very dopey. (Int -4) [potion of
                  | mutation]
 55159 | Elf:1    | Lost mutation: You are dopey. (Int -2) [potion of mutation]
 55159 | Elf:1    | Gained mutation: Your muscles are strong. (Str +4, Int/Dex
                  | -1) [potion of mutation]
 55532 | Elf:1    | Found Narif's Antique Weapon Emporium.
 55678 | Elf:2    | Found Xaanwik's Tiny Tomes.
 55926 | Elf:2    | Found a runed translucent gate.
 55926 | Elf:2    | Found a runed translucent gate.
 55926 | Elf:2    | Found a runed translucent gate.
 56534 | Elf:3    | Identified the +9 battleaxe of Mueh {flame, rElec rF+ Will-
                  | Dex+3}
 56716 | Elf:3    | Identified the +8 scimitar of the Enchanted Forest {venom,
                  | *Corrode Will++ Stlth+}
 56716 | Elf:3    | Identified the +2 robe of the Evil One {Str+3 Dex+2}
 57105 | Elf:3    | Identified the +0 chain mail of Zoit {Rampage +Blink}
 57109 | Elf:3    | Reached XP level 20. HP: 141/168 MP: 19/36
 57207 | Elf:3    | Identified the ring "Vudy" {rF+ rC- rCorr Str+3}
 57470 | Elf:3    | Identified the staff of Voys Syhowe {rN+ Int+3 Earth}
 57472 | Elf:3    | Identified the +0 robe of Refuge {Int+3}
 57475 | Elf:3    | Identified the staff of Damoelya {rC+ Will- Str+2 Stlth+
                  | Ice}
 57477 | Elf:3    | Identified the staff of True Grit {Str+3 Int-2 SInv Earth}
 57866 | Vaults:1 | Entered Level 1 of the Vaults
 58092 | Vaults:1 | Found Xatsotet's Armour Boutique.
 58228 | Vaults:1 | Found Kuig Veipt's Armour Shop.
 58266 | Vaults:1 | Found Koazegew's Armour Shoppe.
 58276 | Vaults:1 | Bought the +1 pair of gloves of the Furrier {*Corrode rPois
                  | Will+ Int+2} for 522 gold pieces
 58301 | Vaults:1 | Identified the ring of the Hungering Jester {Ice ^Drain
                  | Int+4 Dex+2}
 58513 | Vaults:1 | Found Culobav's General Store.
 58601 | Vaults:1 | Reached skill level 19 in Fire Magic
 58783 | Vaults:1 | Found Votar's Assorted Antiques.
 58892 | Vaults:1 | Reached skill level 1 in Staves
 59849 | Vaults:2 | Noticed Zenata
 60344 | Vaults:2 | Reached skill level 5 in Staves
 60898 | Vaults:2 | Found Vubliah's Book Shop.
 60905 | Vaults:2 | Bought a manual of Shields for 1120 gold pieces
 60963 | Vaults:2 | Found a staircase to the Crypt.
 61036 | Vaults:2 | Found the +18 shield of the Gong {Loud rN+ Will+ rCorr
                  | EV-5}
 61405 | Vaults:2 | Killed Zenata
 61590 | Vaults:3 | Reached skill level 20 in Fire Magic
 61826 | Vaults:3 | Identified the +2 robe of Joy {rElec Int-2 Dex+7}
 61826 | Vaults:3 | Noticed Boris
 61837 | Vaults:3 | Noticed Mara
 61839 | Vaults:3 | Noticed ragingrage's illusion
 61839 | Vaults:3 | Killed from afar by ragingrage's illusion (illusionary)

Illustrated notes

Levels and vault maps discovered:
D:1:      dreamdust_arrival_beginning_and_end, layout_loops_corners,
          minmay_tiny_reverse_x
D:2:      layout_basic, basic_ecumenical_altar
D:3:      layout_basic, serial_shops, shop, uniq_terence, uniq_robin
D:4:      layout_rooms, nicolae_ashenzari_panopticon, serial_shops, shop,
          minmay_vboxes, uniq_eustachio
D:5:      layout_cave_pools, mainiacjoe_overflow_alcove_4
D:6:      layout_loops_ring, lemuel_tele_altar,
          minmay_temple_entry_purple_smoke, minmay_gold_behind_fungi,
          uniq_edmund
D:7:      layout_basic
D:8:      layout_basic, old_standard_altar, dpeg_lair_monsters,
          kb_lookout_dungeons_type, uniq_joseph, uniq_amaemon
D:9:      layout_small_grid, mainiacjoe_overflow_concentric_impassable,
          enter_bailey_3, hangedman_glass_teeth, uniq_maggie
D:10:     layout_basic
D:11:     layout_roguey, gammafunk_ghost_wrathful_warriors, chequers_mini_garden
D:12:     layout_loops_ring, erik_orc_4, marbit_kobold_abyssish
D:13:     layout_grid_maze, uniq_snorg, uniq_azrael, uniq_lodul
D:14:     layout_rooms, erik_vaults_2, uniq_kirke, uniq_nessos
D:15:     hellmonk_depths_entry_around_the_bend, layout_long_grid,
          reono_crystal_passage
Temple:   sentei_temple_godly_chess
Lair:1:   layout_layer_cave
Lair:2:   layout_long_grid, shoals_dummy_entry, grunt_megastairs_2
Lair:3:   layout_regular_city, nicolae_snake_entry_warm_welcome,
          nicolae_lair_lindhole
Lair:4:   layout_loops_ring, gammafunk_ghost_necromancy,
          infiniplex_staircase_pool_2
Lair:5:   gammafunk_lair_ancient_temple, layout_long_grid, slime_entry_2
Shoals:1: layout_shoals, serial_shops, shop,
          portal_ice_cave_entry_ice_simulacra, uniq_frances, uniq_louise
Shoals:2: layout_shoals, ebering_ghost_gozag
Shoals:3: layout_shoals, abandoned_shop, nicolae_shoals_so_close
Shoals:4: shoals_end_simple, layout_shoals, serial_shops, shop, uniq_mlioglotl
Snake:1:  layout_layer_cave, nicolae_snake_slithery_hallway, drop_trap,
          st_stairs_11
Snake:2:  layout_honeycomb, nicolae_snake_springs, serial_bayou_shore_a,
          lemuel_fruit_tree
Snake:3:  cheibrodos_toxic_ritual, layout_honeycomb, serial_bayou_pond_e,
          serial_bayou_shore_b, uniq_bai_suzhen
Snake:4:  hellmonk_snake_rune_quicksilver_temple, layout_misc_corridors,
          nrook_loot_triangle, nicolae_specific_store, nicolae_snake_naga_rites
Orc:1:    layout_caves, serial_shops, shop, shop, shop, nicolae_shop_crystal,
          nicolae_shop_mannequins
Orc:2:    grunt_orc_gardens, layout_diamond_mine, grunt_orc_garden,
          grunt_orc_garden, grunt_orc_garden, grunt_orc_garden,
          gauntlet_entry_generic, uniq_rupert, uniq_sonja
Elf:1:    minmay_elf_arrival_summoners, layout_gridlike, mu_enter_wizlab_6,
          serial_shops, nicolae_shop_hallway_stairs, shop,
          nicolae_lakefront_shop, nicolae_shop_gibbet_a_chance,
          nicolae_shop_waterfront, guppyfry_elf_altar, onia_ninara_cookie,
          uniq_nikola
Elf:2:    nicolae_elf_blades_splatter_lattice [mumra_blade_entry_dagger],
          layout_loops_cross, minivault_24, nicolae_shop_i_like_small_books_too
Elf:3:    minmay_elf_hall_statues, layout_gridlike,
          hangedman_elf_targeted_burst, grunt_ministairs_2, uniq_asterion
Vaults:1: ontoclasm_vaults_claustrophobia, ontoclasm_vaults_pinch,
          nicolae_vaults_meiosis, vaults_room_mumra_shop_pool,
          nicolae_vaults_trapezoid_lopsided_2, vaults_dpeg_emergency_exit,
          ontoclasm_vaults_twist, vaults_room_corners,
          vaults_room_grunt_arrival_ludios, nicolae_vaults_trapezoid_1,
          nicolae_vaults_corridor_and_loot_room, layout_vaults_maze_bifur,
          serial_shops, nicolae_shop_stone, nicolae_shop_tiny_statue_garden,
          shop, nicolae_shop_tiny_statue_garden
Vaults:2: v_rooms_3, vaults_room_corners, minmay_crypt_entry_nasty_monster,
          vaults_mumra_hexcomb, hangedman_vaults_stitches, v_misc_18,
          hellmonk_guarded_unrand_gong, nicolae_vaults_sightless_eye,
          nicolae_vaults_offset_grid_hallway_1, layout_vaults_ring,
          serial_shops, nicolae_square_shop, uniq_zenata
Vaults:3: nicolae_vaults_shelves_hall, nicolae_vaults_trapezoid_lopsided_1,
          nicolae_vaults_inception_corners, nicolae_vaults_weapon_check,
          nicolae_vaults_trapezoid_lopsided_4, nicolae_vaults_border_crossing,
          ontoclasm_vaults_spin, nicolae_vaults_alarming,
          nicolae_vaults_cornered_office, gammafunk_sealed_arena,
          nicolae_vaults_cochlea, vaults_room_stairs_pillars,
          layout_vaults_omnibox, serial_shops, nicolae_shop_scrapyard,
          nicolae_shop_stone, uniq_boris, uniq_donald, uniq_mara

Skill      XL: |  1  2  3  4  5  6  7  8  9 10 11 12 13 14 15 16 17 18 19 20 |
---------------+-------------------------------------------------------------+-----
Maces & Flails | 3 |  3.2
Stealth        | 1 2 3 |  3.0
Fire Magic     | 3 4 5 7 9 10 12 13 14 15 17 18 20 | 20.0
Short Blades   | 1 2 3 4 |  4.0
Shields        | 1 2 4 5 6 11 13 | 13.5
Fighting       | 3 4 5 6 7 9 10 11 12 | 12.0
Evocations     | 2 5 |  5.0
Armour         | 2 6 10 11 | 11.0
Air Magic      | 5 9 12 14 | 14.5
Spellcasting   | 5 9 10 11 12 | 12.0
Conjurations   | 5 10 | 10.0
Ice Magic      | 4 |  4.0
Alchemy        | 6 7 |  7.0
Translocations | 3 |  3.0
Staves         | 5 |  5.5

Action                     |  1- 3 |  4- 6 |  7- 9 | 10-12 | 13-15 | 16-18 | 19-21 || total
---------------------------+-------+-------+-------+-------+-------+-------+-------++-------
  Melee: Mace              |    60 |       |       |       |       |       |       ||    60
         Dagger            |    37 |    89 |   283 |   760 |   715 |    28 |     1 ||  1913
         Tailslap          |     5 |     6 |    28 |   118 |   154 |    19 |    27 ||   357
         Staff             |       |       |       |       |    44 |   119 |   143 ||   306
         Unarmed           |       |       |       |       |     6 |       |       ||     6
         Morningstar       |       |       |       |       |       |       |    19 ||    19
  Throw: Dart              |       |       |       |     5 |     3 |     2 |       ||    10
         Throwing net      |       |       |       |     1 |       |       |       ||     1
   Cast: Scorch            |    11 |    28 |   123 |   285 |   273 |       |       ||   720
         Plasma Beam       |       |       |       |       |   310 |   668 |   424 ||  1402
         Freezing Cloud    |       |       |       |       |     1 |    17 |     4 ||    22
         Starburst         |       |       |       |       |     1 |    12 |     4 ||    17
         Irradiate         |       |       |       |       |       |     8 |    45 ||    53
         Ignition          |       |       |       |       |       |       |     4 ||     4
 Invoke: Foxfire Swarm     |       |       |       |     1 |       |       |       ||     1
         Fiery Armour      |       |       |       |       |     1 |       |       ||     1
  Evoke: Wand              |       |       |     1 |    11 |     5 |     4 |     5 ||    26
         Condenser vane    |       |       |       |     1 |     1 |       |       ||     2
         Phial of floods   |       |       |       |       |       |     1 |     2 ||     3
         Box of beasts     |       |       |       |       |       |       |     1 ||     1
    Use: Potion            |       |       |     1 |     6 |     2 |     2 |     2 ||    13
         Scroll            |       |       |     2 |     8 |    12 |    13 |     8 ||    43
   Stab: Sleeping          |     1 |     3 |     6 |     2 |     3 |       |     1 ||    16
         Distracted        |       |       |       |     1 |       |       |       ||     1
         Petrified         |       |       |       |     6 |       |       |       ||     6
 Armour: Robe              |    92 |    91 |   119 |       |       |       |       ||   302
         Ring mail         |       |       |   175 |   908 |   938 |   112 |       ||  2133
         Troll leather arm |       |       |       |       |   425 |   754 |   525 ||  1704
         Skin              |       |       |       |       |    10 |       |       ||    10
  Dodge: Dodged            |    51 |    40 |   115 |   200 |   300 |   144 |    61 ||   911
  Block: Buckler           |       |    13 |    94 |   451 |   360 |   111 |       ||  1029
         Reflection        |       |       |     4 |    10 |     1 |       |       ||    15
         Kite shield       |       |       |       |       |       |       |   216 ||   216

Table legend: (Time is in decaauts)
 A = Elapsed time spent in this place.
 B = Non-inter-level travel time spent in this place.
 C = Inter-level travel time spent in this place.
 D = Time resting spent in this place.
 E = Time spent auto-exploring this place.
 F = Levels seen in this place.
 G = Mean time per level.
                   A        B        C        D        E       F      G
               +--------+--------+--------+--------+--------+-----+--------+
         Total |  64320 |  58267 |   6053 |  18301 |  28674 |  39 | 1649.2 |
       Dungeon |  21241 |  18088 |   3153 |   4745 |   9954 |  15 | 1416.1 |
        Temple |      1 |      1 |      0 |      0 |      0 |   1 |    1.0 |
          Lair |  13151 |  11919 |   1232 |   4156 |   5667 |   5 | 2630.2 |
        Shoals |   7661 |   7061 |    600 |   3370 |   2465 |   4 | 1915.2 |
     Snake Pit |   7970 |   7603 |    367 |   1772 |   4543 |   4 | 1992.5 |
  Orcish Mines |   2578 |   2258 |    320 |    935 |    761 |   2 | 1289.0 |
   Elven Halls |   5884 |   5649 |    235 |   1668 |   2581 |   3 | 1961.3 |
        Vaults |   4129 |   3985 |    144 |    936 |   2327 |   3 | 1376.3 |
        Bailey |   1050 |   1050 |      0 |    525 |    137 |   1 | 1050.0 |
      Gauntlet |    650 |    650 |      0 |    193 |    236 |   1 |  650.0 |
               +--------+--------+--------+--------+--------+-----+--------+

Top non-repeatable levels by time:
  Lair:2: 3151 daAuts
   Elf:3: 2902 daAuts
  Lair:1: 2855 daAuts
Shoals:3: 2781 daAuts
  Lair:3: 2755 daAuts
  Lair:4: 2699 daAuts
    D:13: 2652 daAuts
 Snake:3: 2534 daAuts
    D:12: 2494 daAuts
    D:11: 2089 daAuts
Vaults:2: 1997 daAuts
 Snake:1: 1985 daAuts
Vaults:1: 1873 daAuts
 Snake:4: 1868 daAuts
Shoals:1: 1790 daAuts
